 Dungeon Crawl Stone Soup version 0.30-a0-585-g93115170b9 (webtiles) character file.

Game seed: 7420723719299012456

1217 Citaku the Cleaver (level 8, -1/71 HPs)
             Began as a Minotaur Fighter on Jan 2, 2023.
             Was an Elder of Jiyva.
             Succumbed to barbed spike wounds
             ... on level 6 of the Dungeon.
             The game lasted 00:13:26 (4240 turns).

Citaku the Cleaver (Minotaur Fighter)               Turns: 4240, Time: 00:13:27

Health: -1/71      AC: 11    Str: 24    XL:     8   Next: 22%
Magic:  7/7        EV: 11    Int:  4    God:    Jiyva [****..]
Gold:   9          SH:  5    Dex: 12    Spells: 7/7 levels left

rFire   . . .      SeeInvis .    g - +0 long sword (holy)
rCold   + . .      Faith    .    c - +1 buckler
rNeg    . . .      Spirit   .    j - +0 swamp dragon scales
rPois   +          Reflect  .    (helmet restricted)
rElec   .          Harm     .    b - +0 cloak
rCorr   +          Rampage  .    (no gloves)
Will    .....                    (no boots)
Stlth   +                        (no amulet)
HPRegen 1.59/turn                (no ring)
MPRegen 0.50/turn                (no ring)

@: spiked
A: horns 2, retaliatory headbutt, cold resistance 1, strong 1, gelatinous body 1
a: Renounce Religion, Oozemancy, Slimify


You were on level 6 of the Dungeon.
You worshipped Jiyva.
Jiyva was greatly pleased with you.
You visited 1 branch of the dungeon, and saw 6 of its levels.
You also visited: Sewer.

You collected 224 gold pieces.
You spent 215 gold pieces at shops.

Inventory:

Hand Weapons
 g - a +0 long sword of holy wrath (weapon)
Armour
 b - a +0 cloak (worn)
 c - a +1 buckler (worn)
 j - +0 swamp dragon scales (worn)
Wands
 d - a wand of flame (4)
 k - a wand of paralysis (5)
Potions
 e - a potion of flight
 f - a potion of degeneration


   Skills:
 + Level 6.9 Fighting
 * Level 8.6 Axes
 + Level 6.9 Armour
 - Level 3.8 Shields


You had 7 spell levels left.
You didn't know any spells.
Your spell library contained the following spells:

 Spells                   Type           Power      Damage    Failure   Level
 Blink                    Tloc           0%         N/A       86%         2
 Momentum Strike          Conj/Tloc      0%         3d8       86%         2
 Lesser Beckoning         Tloc           0%         N/A       97%         3


Dungeon Overview and Level Annotations

Branches:
Dungeon (7/15)             Temple (0/1) D:7           Sewer (visited)

Altars:
Ru
Trog
Jiyva

Shops:
D:5 *   D:6 !


Innate Abilities, Weirdness & Mutations

You have a pair of horns on your head.
You reflexively headbutt those who attack you in melee.
Your flesh is cold resistant. (rC+)
Your muscles are strong. (Str +4, Int/Dex -1)
Your rubbery body absorbs attacks. (AC +1, EV +1)


Message History

You hit the kobold demonologist.
The kobold demonologist is almost dead.
The smoke demon disappears in a puff of smoke!
The jelly hits the red devil but does no damage.
The red devil hits the jelly with a +2 trident of flaming!!
The red devil burns the jelly!
The jelly dies!
The kobold brigand closely misses you. You furiously retaliate!
You headbutt the kobold brigand, but do no damage.
The kobold demonologist hits you but does no damage.
The red devil hits you with a +2 trident of flaming!
Barbed spikes become lodged in your body.
The red devil burns you.
The jelly hits the red devil but does no damage.
You block the white imp's attack.
You closely miss the kobold demonologist.
The kobold demonologist is almost dead.
The kobold demonologist hits you but does no damage.
The kobold brigand hits you but does no damage.
The red devil hits you with a +2 trident of flaming!
* * * LOW HITPOINT WARNING * * *
Barbed spikes become lodged in your body.
The red devil burns you.
* * * LOW HITPOINT WARNING * * *
The jelly closely misses the red devil.
You block the kobold brigand's attack.
The kobold demonologist hits you but does no damage.
Okay, then.
You aren't carrying any scrolls.
The barbs in your skin will harm you if you move.
Continue?
The red devil hits you with a +2 trident of flaming!
* * * LOW HITPOINT WARNING * * *
Barbed spikes become lodged in your body.
The red devil burns you.
* * * LOW HITPOINT WARNING * * *
The jelly closely misses the red devil.
The kobold brigand hits you with a +2 dagger of freezing.
* * * LOW HITPOINT WARNING * * *
The kobold demonologist casts a cantrip, but nothing happens.
The barbed spikes dig painfully into your body as you move.
You die...

# #
##########################
#......555................
##.######K3........J......
#.#....K@J...............
#.#.###4#####.J....######
#.#.###J## ###........##
#.#.#..J.# #...####..#
##.#.#....# #...# ##.#
#....#....# #...# #..
######....# ##### ###
###.## # #.# #


You could see a kobold demonologist, a ynoxinul (summoned), a red devil
(summoned), a kobold brigand, a crimson imp (summoned), a white imp (summoned)
and 4 neutral jellies (fellow slime).

Vanquished Creatures
  Maggie (D:6)
  Sigmund (D:5)
  Eustachio (D:6)
  Menkaure (D:6)
  A black bear (D:6)
  A phantom (D:5)
  A kobold brigand (D:6)
  A howler monkey (D:6)
  2 hounds (D:5)
  2 iguanas
  6 river rats
  4 adders
  A white imp (D:6)
  An ufetubus (D:5)
  4 worms
  3 dart slugs
  4 orcs
  2 giant cockroaches
  2 goblins (D:1)
  4 hobgoblins
  7 jackals
  3 kobolds
  6 quokkas
  9 ball pythons
  13 bats
  3 frilled lizards
  9 rats
93 creatures vanquished.

Vanquished Creatures (others)
  A phantom (D:6)
  A bullfrog (D:6)
  A scorpion (D:5)
  4 jellies
  2 hounds
  3 adders
  An ufetubus (D:5)
  2 dart slugs (D:2)
  A hobgoblin (D:2)
  A quokka (Sewer)
  2 training dummies (D:6)
  3 ball pythons
  3 bats
  2 goblins (D:2)
  A kobold (D:2)
  2 rats
30 creatures vanquished.

Grand Total: 123 creatures vanquished

Notes
Turn   | Place    | Note
-------+----------+-------------------------------------------
     0 | D:1      | Citaku the Minotaur Fighter began the quest for the Orb.
     0 | D:1      | Reached XP level 1. HP: 19/19 MP: 0/0
   124 | D:1      | Reached XP level 2. HP: 27/27 MP: 1/1
   426 | D:1      | Reached skill level 3 in Axes
   842 | D:1      | Found a faded altar of an unknown god.
   850 | D:1      | Prayed at the altar of an unknown god.
   850 | D:1      | Became a worshipper of Jiyva Jadej the Shapeless
   850 | D:1      | Reached * piety under Jiyva
   996 | D:2      | Reached XP level 3. HP: 33/33 MP: 2/2
  1075 | D:2      | Reached ** piety under Jiyva
  1749 | D:3      | Reached *** piety under Jiyva
  1855 | D:3      | Gained mutation: Your muscles are strong. (Str +4, Int/Dex
                  | -1) [Jiyva's grace]
  1855 | D:3      | Gained mutation: Your muscles are very strong. (Str +8,
                  | Int/Dex -2) [Jiyva's grace]
  1855 | D:3      | Gained mutation: Your rubbery body absorbs attacks. (AC +1,
                  | EV +1) [Jiyva's grace]
  1855 | D:3      | Gained mutation: Your pliable body absorbs attacks. (AC +2,
                  | EV +2) [Jiyva's grace]
  1951 | D:3      | Reached skill level 4 in Axes
  1951 | D:3      | Reached XP level 4. HP: 41/41 MP: 3/3
  1988 | D:3      | Found a glowing drain.
  1992 | Sewer    | Entered a sewer
  2103 | Sewer    | Reached XP level 5. HP: 45/47 MP: 4/4
  2592 | D:3      | You fall into a shaft and drop 2 floors!
  2592 | D:5      | Entered Level 5 of the Dungeon
  2613 | D:5      | Reached skill level 5 in Axes
  2617 | D:5      | Noticed Sigmund
  2631 | D:5      | Reached skill level 5 in Fighting
  2631 | D:5      | Reached skill level 5 in Armour
  2653 | D:5      | Killed Sigmund
  2654 | D:5      | Reached skill level 6 in Axes
  2654 | D:5      | Reached XP level 6. HP: 40/56 MP: 5/5
  2841 | D:5      | Reached **** piety under Jiyva
  2910 | D:5      | Found a sacrificial altar of Ru.
  2973 | D:5      | Found Iqyllef's General Store.
  2977 | D:5      | Bought a +0 cloak for 54 gold pieces
  2977 | D:5      | Bought a potion of mutation for 96 gold pieces
  2982 | D:5      | Lost mutation: Your muscles are very strong. (Str +8,
                  | Int/Dex -2) [potion of mutation]
  2982 | D:5      | Lost mutation: Your pliable body absorbs attacks. (AC +2,
                  | EV +2) [potion of mutation]
  2982 | D:5      | Gained mutation: Your flesh is cold resistant. (rC+)
                  | [potion of mutation]
  3335 | D:6      | Noticed Maggie
  3354 | D:6      | Killed Maggie
  3355 | D:6      | Reached skill level 7 in Axes
  3355 | D:6      | Reached XP level 7. HP: 24/63 MP: 6/6
  3809 | D:6      | Noticed Menkaure
  3816 | D:6      | Killed Menkaure
  3817 | D:6      | Reached skill level 8 in Axes
  3817 | D:6      | Reached XP level 8. HP: 42/71 MP: 7/7
  3849 | D:6      | Found a bloodstained altar of Trog.
  3881 | D:6      | Noticed Eustachio
  3893 | D:6      | Killed Eustachio
  3933 | D:6      | Found Zeisappa's Distillery.
  3947 | D:6      | Bought a potion of heal wounds for 65 gold pieces
  4220 | D:7      | Noticed a kobold demonologist
  4220 | D:7      | Noticed a kobold demonologist
  4220 | D:7      | Found a staircase to the Ecumenical Temple.
  4229 | D:6      | Noticed a smoke demon
  4231 | D:6      | Noticed a red devil
  4239 | D:6      | HP: 2/71 [red devil/+2 trident of flaming[a kobold
                  | demonologist] (3)]
  4240 | D:6      | Succumbed to barbed spike wounds

Illustrated notes

Levels and vault maps discovered:
D:1:      wheals_arrival_linesprint, layout_basic, ebering_ecumenical_altar_hall
D:2:      minmay_razor_zed, layout_loops_ring
D:3:      layout_rooms, gup_sewer_entry_spiral, chequers_serial_rivers_micro_c,
          grunt_ministairs_5
D:5:      layout_rooms, nicolae_ru_awakened_eye, serial_shops,
          kennysheep_mini_moat, uniq_sigmund
D:6:      dreamdust_elfheim, layout_basic, kennysheep_mini, serial_shops, shop,
          uniq_eustachio, uniq_maggie, uniq_menkaure
D:7:      layout_rooms, minmay_temple_entry_purple_smoke, serial_shops,
          nicolae_take_the_stairs, uniq_crazy_yiuf_cottage, uniq_duvessa

Skill      XL: |  1  2  3  4  5  6  7 |
---------------+----------------------+-----
Axes           | 3 4 6 7 8 |  8.6
Fighting       | 4 5 6 |  6.9
Armour         | 4 5 6 |  6.9
Shields        | |  3.8

Action                   |  1- 3 |  4- 6 |  7- 9 || total
-------------------------+-------+-------+-------++-------
Melee: War axe           |    80 |    81 |       ||   161
       Headbutt          |     9 |    10 |    12 ||    31
       Long sword        |       |       |    53 ||    53
  Use: Scroll            |       |     8 |     2 ||    10
       Potion            |       |     5 |     2 ||     7
Armor: Scale mail        |    62 |    73 |       ||   135
       Plate armour      |       |     8 |       ||     8
       Swamp dragon scal |       |       |    51 ||    51
Dodge: Dodged            |    64 |    97 |    55 ||   216
Block: Buckler           |    30 |    37 |    22 ||    89

Table legend: (Time is in decaauts)
 A = Elapsed time spent in this place.
 B = Non-inter-level travel time spent in this place.
 C = Inter-level travel time spent in this place.
 D = Time resting spent in this place.
 E = Time spent auto-exploring this place.
 F = Levels seen in this place.
 G = Mean time per level.
                   A        B        C        D        E       F      G
               +--------+--------+--------+--------+--------+-----+--------+
         Total |   4487 |   4487 |      0 |    240 |   2604 |   7 |  641.0 |
       Dungeon |   3877 |   3877 |      0 |    240 |   2277 |   6 |  646.2 |
         Sewer |    609 |    609 |      0 |      0 |    326 |   1 |  609.0 |
               +--------+--------+--------+--------+--------+-----+--------+

Top non-repeatable levels by time:
     D:6: 1038 daAuts
     D:1: 879 daAuts
     D:2: 787 daAuts
     D:5: 622 daAuts
   Sewer: 609 daAuts
     D:3: 548 daAuts
     D:7: 1 daAuts
